 Dungeon Crawl Stone Soup version 0.30-a0-586-g23e55c9e0a (webtiles) character file.

Game seed: 16978113467859941863

1098 qeuew the Trooper (level 8, 0/70 HPs)
             Began as a Hill Orc Fighter on Jan 3, 2023.
             Was a Follower of Trog.
             Slain by a killer bee (8 damage)
             ... on level 5 of the Dungeon.
             The game lasted 00:04:16 (3461 turns).

qeuew the Trooper (Hill Orc Fighter)                Turns: 3461, Time: 00:04:16

Health: 0/70       AC: 10    Str: 19    XL:     8   Next: 32%
Magic:  8/8        EV: 10    Int:  8    God:    Trog [*.....]
Gold:   128        SH:  6    Dex: 12    Spells: 7/7 levels left

rFire   . . .      SeeInvis +    a - +0 war axe
rCold   . . .      Faith    .    m - +1 buckler of Woirhyzu {SInv}
rNeg    . . .      Spirit   .    b - +0 scale mail
rPois   .          Reflect  .    (no helmet)
rElec   .          Harm     .    d - +2 cloak
rCorr   .          Rampage  .    (no gloves)
Will    .....                    (no boots) Stlth
                                 (no amulet)
HPRegen 0.31/turn                (no ring)
MPRegen 0.11/turn                (no ring)

@: lethally poisoned (0 -> -3)
A: no striking features
a: Renounce Religion, Berserk


You were on level 5 of the Dungeon.
You worshipped Trog.
Trog was aware of your devotion.
You visited 1 branch of the dungeon, and saw 5 of its levels.

You collected 128 gold pieces.

Inventory:

Hand Weapons
 a - a +0 war axe (weapon)
Armour
 b - a +0 scale mail (worn)
 d - a +2 cloak (worn)
 m - the +1 buckler of Woirhyzu (worn) {SInv}
   (You found it on level 2 of the Dungeon)

   SInv:      It lets you see invisible.
Jewellery
 h - a ring of protection from cold
Wands
 c - a wand of iceblast (1)
Scrolls
 e - a scroll of summoning {unknown}
 j - 3 scrolls of identify
 k - a scroll of acquirement
 l - 2 scrolls of teleportation
 n - 2 scrolls of magic mapping {unknown}
Potions
 f - a potion of flight
 g - a potion of curing


   Skills:
 + Level 6.1 Fighting
 + Level 6.0 Axes
 + Level 5.6 Armour
 + Level 3.2 Dodging
 + Level 5.6 Shields
 + Level 1.4 Evocations


You had 7 spell levels left.
You didn't know any spells.
Your spell library contained the following spells:

 Spells                   Type           Power      Damage    Failure   Level
 Gell's Gravitas          Tloc           0%         N/A       99%         3
 Teleport Other           Tloc           0%         N/A       99%         3
 Dispersal                Tloc           0%         N/A       100%        6


Dungeon Overview and Level Annotations

Branches:
Dungeon (5/15)
 Temple: D:4-7

Altars:
Gozag
Trog
Wu Jian

Shops:
D:4 *


Message History

You are too injured to fight recklessly!
You are too injured to fight recklessly!
You are too injured to fight recklessly!
You are too injured to fight recklessly!
You are too injured to fight recklessly!
You are too injured to fight recklessly!
You are too injured to fight recklessly!
You are too injured to fight recklessly!
You are too injured to fight recklessly!
Unknown command.
You closely miss the killer bee.
The killer bee is severely wounded.
You closely miss the killer bee.
You feel very sick.
The killer bee stings you but does no damage. x2
The killer bee closely misses you. x2
Unknown command.
You closely miss the killer bee.
The killer bee is severely wounded.
You barely miss the killer bee.
You feel very sick. The killer bee stings you. x2
The killer bee stings you but does no damage. x2
The killer bee stings you.
* * * LOW HITPOINT WARNING * * *
The killer bee stings you but does no damage.
Unknown command.
You hit the killer bee.
The killer bee is severely wounded.
You miss the killer bee.
You feel sick. The killer bee completely misses you.
You block the killer bee's attack. The killer bee closely misses you. x2
Unknown command.
You hit the killer bee.
The killer bee is almost dead.
You barely miss the killer bee.
You feel sick. The killer bee stings you!
* * * LOW HITPOINT WARNING * * *
The killer bee stings you.
* * * LOW HITPOINT WARNING * * *
The killer bee stings you!
You die...

....# ....# ##
#...# ..
##...## ###.
..... .... .J.
... #y## #.#
#@y###.#######
#............#
#............#
#............#
###....#####.
#####.###
#...<# #....#
#....+


You could see a jelly and 2 killer bees.

Vanquished Creatures
  Pikel (D:4)
  Sigmund (D:2)
  Menkaure (D:4)
  2 lemures (D:4)
  A bullfrog (D:4)
  2 killer bees (D:5)
  A jelly (D:4)
  A hound (D:4)
  Crazy Yiuf (D:4)
  Robin (D:4)
  3 adders
  A worm (D:3)
  5 dart slugs
  An orc (D:4)
  3 bats
  5 endoplasms
  4 giant cockroaches
  12 goblins
  14 hobgoblins
  4 quokkas
  6 ball pythons
  6 frilled lizards
  5 kobolds
  4 rats
85 creatures vanquished.

Vanquished Creatures (others)
  4 plants (D:4)
4 creatures vanquished.

Grand Total: 89 creatures vanquished

Notes
Turn   | Place    | Note
-------+----------+-------------------------------------------
     0 | D:1      | qeuew the Hill Orc Fighter began the quest for the Orb.
     0 | D:1      | Reached XP level 1. HP: 19/19 MP: 1/1
    70 | D:1      | Reached XP level 2. HP: 21/27 MP: 2/2
   263 | D:1      | Reached XP level 3. HP: 30/33 MP: 3/3
   397 | D:1      | You fall into a shaft and drop 1 floor!
   731 | D:2      | Found a bloodstained altar of Trog.
   743 | D:2      | Became a worshipper of Trog the Wrathful
   746 | D:2      | Noticed Sigmund
   760 | D:2      | Killed Sigmund
   761 | D:2      | Reached skill level 1 in Dodging
   761 | D:2      | Reached XP level 4. HP: 6/41 MP: 4/4
   761 | D:2      | Reached XP level 5. HP: 7/47 MP: 5/5
   977 | D:2      | Identified the +1 buckler of Woirhyzu {SInv}
  1607 | D:3      | Reached XP level 6. HP: 53/53 MP: 6/6
  1795 | D:3      | Found an opulent altar of Gozag.
  2138 | D:3      | Identified a scroll of acquirement
  2186 | D:4      | Noticed Robin
  2191 | D:4      | Reached * piety under Trog
  2196 | D:4      | Killed Robin
  2342 | D:4      | Noticed Pikel
  2361 | D:4      | Killed Pikel
  2362 | D:4      | Reached skill level 5 in Fighting
  2362 | D:4      | Reached skill level 5 in Axes
  2362 | D:4      | Reached skill level 5 in Armour
  2362 | D:4      | Reached skill level 5 in Shields
  2362 | D:4      | Reached XP level 7. HP: 7/62 MP: 7/7
  2574 | D:4      | Found a runed translucent door.
  2575 | D:4      | Noticed Crazy Yiuf
  2608 | D:4      | Noticed Menkaure
  2615 | D:4      | Killed Menkaure
  2616 | D:4      | Reached XP level 8. HP: 70/70 MP: 8/8
  2751 | D:4      | Reached skill level 1 in Evocations
  2822 | D:4      | Found Assujeot's Fire Supplies.
  2953 | D:4      | Found an ornate altar of the Wu Jian Council.
  3222 | D:4      | Killed Crazy Yiuf
  3434 | D:5      | Entered Level 5 of the Dungeon
  3461 | D:5      | Slain by a killer bee

Illustrated notes

Levels and vault maps discovered:
D:1:      roderic_chinese_lattice_arrival, layout_basic, minmay_pentomino_w4
D:2:      layout_loops_cross, basic_altar, uniq_sigmund
D:3:      layout_loops_cross, mainiacjoe_overflow_alcove_4,
          nicolae_concentric_dashed_squares_mild, kennysheep_cluttered_room,
          hex_large
D:4:      layout_gridville, nzn_wu_jian_council_hall, serial_bayou,
          serial_bayou_pond_c, serial_bayou_shore_a, serial_bayou_pond_e,
          serial_bayou_lagoon_b, nicolae_shop_fire_sale
          [nicolae_sub_dead_trees], uniq_robin, uniq_pikel, uniq_menkaure,
          uniq_crazy_yiuf_cottage
D:5:      layout_gridville, tso_oasis_becter, trog_three_pillars_becter,
          serial_shops, nicolae_shop_crystal, shop, shop_fountains, shop_coins

Skill      XL: |  1  2  3  4  5  6  7  8 |
---------------+-------------------------+-----
Axes           | 3 4 5 6 |  6.0
Fighting       | 4 5 6 |  6.1
Armour         | 4 5 |  5.6
Dodging        | 1 2 3 |  3.2
Shields        | 4 5 |  5.6
Evocations     | 1 |  1.4

Action                   |  1- 3 |  4- 6 |  7- 9 || total
-------------------------+-------+-------+-------++-------
Melee: War axe           |    77 |    81 |    52 ||   210
  Use: Scroll            |     6 |     7 |     1 ||    14
       Potion            |     4 |     2 |     2 ||     8
Armor: Scale mail        |    41 |    32 |    27 ||   100
Dodge: Dodged            |    47 |    44 |    31 ||   122
Block: Buckler           |    22 |    27 |    13 ||    62

Table legend: (Time is in decaauts)
 A = Elapsed time spent in this place.
 B = Non-inter-level travel time spent in this place.
 C = Inter-level travel time spent in this place.
 D = Time resting spent in this place.
 E = Time spent auto-exploring this place.
 F = Levels seen in this place.
 G = Mean time per level.
                   A        B        C        D        E       F      G
               +--------+--------+--------+--------+--------+-----+--------+
         Total |   3598 |   3457 |    141 |    234 |   2623 |   5 |  719.6 |
       Dungeon |   3598 |   3457 |    141 |    234 |   2623 |   5 |  719.6 |
               +--------+--------+--------+--------+--------+-----+--------+

Top non-repeatable levels by time:
     D:4: 1331 daAuts
     D:2: 940 daAuts
     D:1: 672 daAuts
     D:3: 625 daAuts
     D:5: 29 daAuts
